 Dungeon Crawl Stone Soup version 0.27.1-34-g3ba077fa99 (webtiles) character file.

Game seed: 14543678427786162019

3725 alasdair19 the Carver (level 9, -1/79 HPs)
             Began as a Minotaur Fighter on Jan 7, 2022.
             Slain by a large slime creature (22 damage)
             ... on level 8 of the Dungeon.
             The game lasted 00:20:10 (8077 turns).

alasdair19 the Carver (Minotaur Fighter)            Turns: 8077, Time: 00:20:10

Health: -1/79      AC: 14    Str: 23    XL:     9   Next: 92%
Magic:  8/8        EV: 12    Int:  6    God:
Gold:   327        SH: 11    Dex: 10    Spells: 8/8 levels left

rFire    + . .     SeeInvis .   e - +0 long sword
rCold    + . .     Faith    .   c - +0 kite shield
rNeg     . . .     Spirit   .   p - +2 scale mail {rF+}
rPois    .         Reflect  .   (helmet restricted)
rElec    .         Harm     .   D - +0 cloak
rCorr    .         Rampage  .   a - +0 pair of gloves
Will     .....                  s - +0 pair of boots
Stlth    ..........             (no amulet)
HPRegen  0.23/turn              n - +4 ring of evasion
MPRegen  0.11/turn              F - ring of protection from cold

@: no status effects
A: horns 2, retaliatory headbutt
a: no special abilities


You were on level 8 of the Dungeon.
You visited 2 branches of the dungeon, and saw 9 of its levels.

You collected 447 gold pieces.
You spent 120 gold pieces at shops.

Inventory:

Hand Weapons
 e - a +0 long sword (weapon)
 q - a +0 hunting sling
Missiles
 r - 12 poisoned darts (quivered)
 v - 52 sling bullets
 H - a throwing net
Armour
 a - a +0 pair of gloves (worn)
 c - a +0 kite shield (worn)
 p - a +2 scale mail of fire resistance (worn)
 s - a +0 pair of boots (worn)
 y - a +0 chain mail
 D - a +0 cloak (worn)
Jewellery
 b - a ring of protection from fire
 h - a ring of fire
 n - a +4 ring of evasion (left hand)
 u - an amulet of faith
 F - a ring of protection from cold (right hand)
Wands
 d - a wand of charming (5)
 E - a wand of mindburst (9)
Scrolls
 f - 3 scrolls of teleportation
 g - a scroll of magic mapping
 i - a scroll of silence {unknown}
 k - a scroll of fog
 m - 2 scrolls of enchant weapon
 t - 2 scrolls of blinking {unknown}
 x - a scroll of acquirement {unknown}
 B - 2 scrolls of enchant armour {unknown}
 C - a scroll of fear {unknown}
Potions
 j - a potion of degeneration {unknown}
 l - 4 potions of curing
 o - 2 potions of heal wounds
 w - 3 potions of lignification
 z - a potion of brilliance {unknown}
 A - a potion of resistance {unknown}
 G - 2 potions of haste {unknown}


   Skills:
 + Level 7.3 Fighting
 + Level 10.2 Long Blades
 + Level 6.0 Slings
 + Level 8.3 Armour
 + Level 8.1 Shields


You had 8 spell levels left.
You didn't know any spells.
Your spell library contained the following spells:

 Spells                   Type           Power      Damage    Failure   Level
 Animate Skeleton         Necr           0%         N/A       95%         1
 Apportation              Tloc           0%         N/A       95%         1
 Beastly Appendage        Tmut           0%         N/A       95%         1
 Corona                   Hex            0%         N/A       95%         1
 Foxfire                  Conj/Fire      0%         2x1d4     95%         1
 Summon Small Mammal      Summ           0%         N/A       95%         1
 Wereblood                Tmut           0%         N/A       99%         2
 Conjure Flame            Conj/Fire      0%         6-21      100%        3
 Inner Flame              Hex/Fire       0%         N/A       100%        3
 Spider Form              Tmut/Pois      0%         N/A       100%        3


Dungeon Overview and Level Annotations

Branches:
Dungeon (8/15)             Temple (1/1) D:6            Lair (0/6) D:8

Altars:
Ashenzari
Cheibriados
Elyvilon
Fedhas
Gozag
Hepliaklqana
Kikubaaqudgha
Makhleb
Nemelex Xobeh
Qazlal
Ru
Trog
Vehumet
Wu Jian
Zin
The Shining One

Shops:
D:4 *


Innate Abilities, Weirdness & Mutations

You have a pair of horns on your head.
You reflexively headbutt those who attack you in melee.


Message History

The slime creature is lightly wounded.
You slash the slime creature!
The slime creature is lightly wounded.
You slash the slime creature!
Your headbutt misses the slime creature.
The slime creature is moderately wounded.
The slime creature hits you.
The slime creature hits you but does no damage.
Two slime creatures merge to form a large slime creature.
You hit the slime creature.
Your headbutt misses the slime creature.
The slime creature is moderately wounded.
You block the slime creature's attack.
You barely miss the slime creature.
The slime creature is moderately wounded.
The slime creature hits you!
You slash the slime creature! You headbutt the slime creature.
The slime creature is heavily wounded.
The slime creature barely misses you.
The large slime creature completely misses you.
You completely miss the slime creature.
The slime creature is heavily wounded.
The slime creature barely misses you. You furiously retaliate!
You headbutt the slime creature. The large slime creature hits you!
You hit the slime creature.
The slime creature is severely wounded.
The slime creature hits you!
The large slime creature hits you but does no damage.
You hit the slime creature. You headbutt the slime creature!
The slime creature is almost dead.
The slime creature hits you! The large slime creature hits you.
You hit the slime creature.
The slime creature is almost dead.
The slime creature hits you!
* * * LOW HITPOINT WARNING * * *
You block the large slime creature's attack.
You slash the slime creature!
You kill the slime creature!
The large slime creature hits you!!
You die...

. # ... #. #+
#####.....
###.##.######.@.......
..............#J$.....
..............#......≈
............>.#......≈
..............#......≈
(.............#.....≈≈
##+####'##+####.....≈≈
#...............##.≈≈≈
#...............


You could see a large slime creature.

Vanquished Creatures
  Harold (D:8)
  A two-headed ogre (D:6)
  A slime creature (D:8)
  A steam dragon (D:8)
  Menkaure (D:6)
  2 water moccasins
  A necrophage (D:5)
  An ice beast (D:6)
  A sky beast (D:6)
  An ogre (D:5)
  A centaur (D:7)
  A phantom (D:4)
  2 bullfrogs (D:8)
  2 scorpions
  A wyvern skeleton (D:7)
  8 wights
  A bullfrog zombie (D:6)
  A centaur zombie (D:6)
  2 jellies
  6 hounds
  2 bullfrog skeletons
  2 centaur skeletons
  2 iguanas
  6 orc wizards
  A howler monkey zombie (D:7)
  A howler monkey skeleton (D:7)
  5 adders
  A shadow imp (D:8)
  A white imp (D:8)
  A worm (D:2)
  3 dart slugs
  14 orcs
  8 endoplasms
  5 giant cockroaches
  7 goblins
  4 hobgoblins
  5 quokkas
  13 ball pythons
  5 bats
  2 frilled lizards
  5 kobolds
  5 rats
134 creatures vanquished.

Vanquished Creatures (others)
  A bush (D:7)
  19 plants
20 creatures vanquished.

Grand Total: 154 creatures vanquished

Notes
Turn   | Place    | Note
-------+----------+-------------------------------------------
     0 | D:1      | alasdair19 the Minotaur Fighter began the quest for the
                  | Orb.
     0 | D:1      | Reached XP level 1. HP: 19/19 MP: 0/0
   182 | D:1      | Reached XP level 2. HP: 27/27 MP: 1/1
  1215 | D:2      | Reached skill level 3 in Long Blades
  1222 | D:2      | Reached XP level 3. HP: 31/33 MP: 2/2
  1426 | D:2      | Found a faded altar of an unknown god.
  2270 | D:3      | Noticed a scorpion
  2277 | D:3      | Killed a scorpion
  2278 | D:3      | Reached skill level 4 in Long Blades
  2278 | D:3      | Reached XP level 4. HP: 31/40 MP: 3/3
  2743 | D:3      | Reached XP level 5. HP: 46/46 MP: 4/4
  3026 | D:4      | Noticed a phantom
  3045 | D:4      | Killed a phantom
  3150 | D:4      | Reached skill level 5 in Long Blades
  3150 | D:4      | Reached skill level 1 in Slings
  3150 | D:4      | Reached skill level 5 in Armour
  3150 | D:4      | Reached skill level 5 in Shields
  3150 | D:4      | Reached XP level 6. HP: 26/53 MP: 5/5
  3489 | D:4      | Found Zuntey's General Store.
  3492 | D:4      | Found Taloujyhas's Specific Store.
  3503 | D:4      | Bought 2 potions of curing for 60 gold pieces
  3507 | D:4      | Bought 10 sling bullets for 60 gold pieces
  3684 | D:4      | Found a blossoming altar of Fedhas.
  3699 | D:4      | Found a bloodstained altar of Trog.
  3964 | D:5      | Entered Level 5 of the Dungeon
  3978 | D:5      | Reached XP level 7. HP: 60/60 MP: 6/6
  4298 | D:5      | Reached skill level 5 in Fighting
  4343 | D:5      | Reached skill level 6 in Long Blades
  5052 | D:6      | Noticed a two-headed ogre
  5057 | D:6      | Reached XP level 8. HP: 68/68 MP: 7/7
  5069 | D:6      | Killed a two-headed ogre
  5070 | D:6      | Reached skill level 8 in Long Blades
  5270 | D:6      | Reached skill level 5 in Slings
  5388 | D:6      | Reached XP level 9. HP: 75/75 MP: 8/8
  5388 | D:6      | Noticed Menkaure
  5391 | D:6      | Found a staircase to the Ecumenical Temple.
  5396 | D:6      | Killed Menkaure
  5407 | Temple   | Entered the Ecumenical Temple
  6042 | D:7      | Found a glowing golden altar of the Shining One.
  6043 | D:7      | Found a stormy altar of Qazlal.
  6045 | D:7      | Found a snail-covered altar of Cheibriados.
  6045 | D:7      | Found a glowing silver altar of Zin.
  6045 | D:7      | Found an ornate altar of the Wu Jian Council.
  6611 | D:7      | Reached skill level 9 in Long Blades
  7272 | D:8      | Found a staircase to the Lair.
  7313 | D:8      | Noticed Harold
  7555 | D:8      | Killed Harold
  7556 | D:8      | Reached skill level 10 in Long Blades
  8077 | D:8      | Slain by a large slime creature

Illustrated notes

Levels and vault maps discovered:
D:1:      dpeg_arrival_windows_large_door, layout_loops_corners,
          solitary_fountain, minmay_misc_feat_room, minmay_tetromino_s2
D:2:      wad_lake_hut, layout_loops_ring, shapermc_ecumenical_altar_flowoftime
D:3:      layout_basic
D:4:      layout_cave_pools, fedhas_altar_decomposition,
          mainiacjoe_overflow_paths, nicolae_specific_store
D:5:      layout_basic
D:6:      layout_basic, minmay_temple_entry_crystal_x, uniq_menkaure
D:7:      layout_basic, grunt_temple_overflow_open, kb_lookout_dungeons_type
D:8:      statuecave_lemuel, layout_gridville, lair_entry_dummy, uniq_harold
Temple:   nicolae_temple_figure_zero

Skill      XL: |  1  2  3  4  5  6  7  8  9 |
---------------+----------------------------+-----
Armour         | 4 5 6 7 8 |  8.3
Shields        | 4 5 6 7 8 |  8.1
Long Blades    | 3 4 5 6 8 10 | 10.2
Fighting       | 4 5 6 7 |  7.3
Slings         | 1 2 4 5 6 |  6.0

Action                   |  1- 3 |  4- 6 |  7- 9 || total
-------------------------+-------+-------+-------++-------
Melee: Long sword        |    85 |    78 |   249 ||   412
       Headbutt          |     8 |    10 |    50 ||    68
 Fire: Hunting sling     |       |    27 |    41 ||    68
  Use: Scroll            |     4 |     5 |     3 ||    12
       Potion            |       |       |     3 ||     3
Armor: Scale mail        |    26 |    25 |    12 ||    63
       Chain mail        |       |       |    81 ||    81
Dodge: Dodged            |    33 |    33 |    83 ||   149
Block: Kite shield       |    44 |    51 |   102 ||   197
       Rpst.: Long sword |    12 |     6 |    21 ||    39
